 Dungeon Crawl Stone Soup version 0.22.0-13-g43fe8f2 (webtiles) character file.

5 Yawgmoth the Sneak (level 1, -1/15 HPs)
             Began as a Naga Wizard on Aug 16, 2018.
             Slain by a jackal (2 damage)
             ... on level 1 of the Dungeon.
             The game lasted 00:01:29 (66 turns).

Yawgmoth the Sneak (Naga Wizard)                      Turns: 66, Time: 00:01:30

Health: -1/15      AC:  1    Str:  9    XL:     1   Next: 80%
Magic:  0/4        EV: 10    Int: 18    God:
Gold:   0          SH:  0    Dex:  9    Spells: 5/6 levels left

rFire    . . .     SeeInvis +   (no weapon)
rCold    . . .     Gourm    .   (no shield)
rNeg     . . .     Faith    .   a - +0 robe
rPois    +         Spirit   .   b - +0 hat
rElec    .         Reflect  .   (no cloak)
rCorr    .         Harm     .   (no gloves)
MR       .....                  (no barding)
Stlth    ++........             (no amulet)
HPRegen  0.05/turn              (no ring)
MPRegen  0.09/turn              (no ring)

@: short of breath, very slow
A: large, see invisible, deformed body, poison resistance, slowness 2, slow
metabolism 1, spit poison 1, AC +0
a: Spit Poison


You were on level 1 of the Dungeon.
You were not hungry.

You visited 1 branch of the dungeon, and saw 1 of its levels.

Inventory:

Armour
 a - a +0 robe (worn)
 b - a +0 hat (worn)
Comestibles
 c - 2 chunks of flesh {@w0}
 d - a ration


   Skills:
 + Level 1.7 Dodging
 + Level 3.2 Stealth
 + Level 3.0 Spellcasting
 + Level 1.2 Conjurations
   Level 1.0 Summonings
   Level 1.0 Translocations


You had 5 spell levels left.
You knew the following spells:

 Your Spells              Type           Power        Failure   Level  Hunger
a - Magic Dart            Conj           #...         10%         1    None

Your spell library contained the following spells:

 Spells                   Type           Power        Failure   Level  Hunger
 Conjure Flame            Conj/Fire      #.......     36%         3    ###....
 Slow                     Hex            #.......     24%         2    ##.....
 Mephitic Cloud           Conj/Pois/Air  #.......     38%         3    ###....
 Blink                    Tloc           N/A          16%         2    ##.....
 Call Imp                 Summ           #.......     16%         2    ##.....


Dungeon Overview and Level Annotations

Branches:
Dungeon (1/15)

Altars:


Innate Abilities, Weirdness & Mutations

You cannot wear boots.
Your serpentine skin is tough. (AC +0)
You have supernaturally acute eyesight. (SInv)
Armour fits poorly on your strangely shaped body.
Your system is resistant to poisons. (rPois)
You cover ground very slowly.
You have a slow metabolism.
You can spit poison.


Message History

You kill the frilled lizard!
You feel slightly more hungry.
Found a stone staircase leading down.
You see here a frilled lizard corpse.
You butcher the frilled lizard corpse.
c - a chunk of flesh {@w0}
Things that are here:
a club; a hobgoblin corpse You butcher the hobgoblin corpse.
You have got your breath back.
c - 2 chunks of flesh {@w0} (gained 1)
You see here a club.
A jackal comes into view.
Health restored: 15
Aim: a jackal (hasn't noticed you)
The magic dart hits the jackal.
The jackal barks!
You hear a bark! x2; You hear a shout!
You now have 0/4 mp.
Aim: a jackal The splash of poison hits the jackal.
The jackal is poisoned.
You kill the jackal!
You feel slightly more hungry.
A jackal comes into view.
Your magical contamination has completely faded away.
You see here a club.
Aim: a jackal The magic dart hits the jackal.
You now have 0/4 mp.
You barely miss the jackal.
You have got your breath back.
The jackal bites you.
The jackal bites you but does no damage.
You take 2 damage, and have 13/15 hp.
You closely miss the jackal.
The jackal bites you but does no damage.
Aim: a jackal The splash of poison hits the jackal.
The jackal appears unharmed.
You feel slightly more hungry.
The jackal bites you but does no damage.
You hit the jackal. The jackal bites you. x2
You take 3 damage, and have 10/15 hp.
You barely miss the jackal. The jackal bites you.
You take 3 damage, and have 7/15 hp.
You closely miss the jackal.
You have got your breath back.
The jackal closely misses you. x2
Aim: a jackal (lightly wounded)
The splash of poison hits the jackal.
The jackal is poisoned.
You feel slightly more hungry. The jackal bites you.
You take 1 damage, and have 6/15 hp.
The jackal closely misses you.
Aim: a jackal (heavily wounded, poisoned)
The magic dart hits the jackal.
You kill the jackal!
You now have 0/4 mp.
A jackal comes into view.
You see here a jackal corpse.
You butcher the jackal corpse.
You have got your breath back.
You see here 2 chunks of flesh {@w0}.
Aim: a jackal (hasn't noticed you)
The splash of poison misses the jackal.
You feel slightly more hungry.
Okay, then.
Unknown command.
The jackal barks!
Aim: a jackal The magic dart hits the jackal.
You have got your breath back.
The jackal bites you. The jackal closely misses you.
You take 1 damage, and have 6/15 hp.
You now have 0/4 mp.
Aim: a jackal The splash of poison misses the jackal.
You feel slightly more hungry. The jackal closely misses you.
You closely miss the jackal. The jackal closely misses you.
The jackal misses you.
You barely miss the jackal. The jackal barely misses you.
You closely miss the jackal. The jackal closely misses you.
You hit the jackal. The jackal bites you.
* * * LOW HITPOINT WARNING * * *
The jackal bites you.
* * * LOW HITPOINT WARNING * * *
You take 3 damage, and have 3/15 hp.
You closely miss the jackal.
You have got your breath back.
The jackal bites you.
* * * LOW HITPOINT WARNING * * *
You take 2 damage, and have 1/15 hp.
Aim: a jackal (moderately wounded)
The splash of poison hits the jackal.
The jackal appears unharmed.
You feel slightly more hungry.
The jackal bites you but does no damage.
The jackal closely misses you.
You hit the jackal.
The jackal bites you but does no damage.
You barely miss the jackal. The jackal barely misses you.
You hit the jackal but do no damage. The jackal closely misses you.
The jackal barely misses you.
Aim: a jackal (heavily wounded)
The magic dart hits the jackal.
The jackal bites you.
You die...

#..?............
######.............#
#.........)........#
.#.#...#..%.......#
###.#..........#
+..###.......#
##+#+####.# #.......#
.........#.# #.h.....#
..#.8.#..#.####@..####
....≈§§...............#
#....§§...#...........#
#..#...#..#...........#
#.........#....[........
#.........#.............
#..#...#..#.............
#.........#.............
#.........#.......


You could see a jackal.

Vanquished Creatures
  A hobgoblin (D:1)
  2 jackals (D:1)
  2 frilled lizards (D:1)
5 creatures vanquished.

Notes
Turn   | Place    | Note
-------+----------+-------------------------------------------
     0 | D:1      | Yawgmoth the Naga Wizard began the quest for the Orb.
     0 | D:1      | Reached XP level 1. HP: 15/15 MP: 4/4
    60 | D:1      | HP: 3/15 [jackal (1)]
    61 | D:1      | HP: 1/15 [jackal (2)]
    66 | D:1      | Slain by a jackal

Action                   || total
-------------------------++-------
Melee: Unarmed           ||    14
 Cast: Magic Dart        ||     8
 Abil: Spit Poison       ||     8
Armor: Robe              ||     5
Dodge: Dodged            ||    14

Vault maps used:
D:1:      shiori_arrival_oz

Table legend:
 A = Turns spent in this place as a percentage of turns spent in the entire game.
 B = Non-inter-level travel turns spent in this place as a percentage of non-inter-level travel turns spent in the entire game.
 C = Inter-level travel turns spent in this place as a percentage of turns spent in this place.
 D = Turns resting spent in this place as a percentage of non-inter-level travel turns spent in this place.
 E = Turns spent auto-exploring this place as a percentage of non-inter-level travel turns spent in this place.
 F = Non-inter-level travel turns spent in this place divided by the number of levels of this place that you've seen.
                   A       B       C       D       E      F
               +-------+-------+-------+-------+-------+----------------------
         Total | 100.0 | 100.0 |   0.0 |   0.0 |  21.2 |  66.0
       Dungeon | 100.0 | 100.0 |   0.0 |   0.0 |  21.2 |  66.0
               +-------+-------+-------+-------+-------+----------------------

Table legend:
 A = Kills in this place as a percentage of kills in entire the game.
 B = Kills by you in this place as a percentage of kills by you in the entire game.
 C = Kills by friends in this place as a percentage of kills by friends in the entire game.
 D = Other kills in this place as a percentage of other kills in the entire game.
 E = Experience gained in this place as a percentage of experience gained in the entire game.
 F = Experience gained in this place divided by the number of levels of this place that you have seen.
                   A       B       C       D       E      F
               +-------+-------+-------+-------+-------+----------------------
         Total | 100.0 | 100.0 |   N/A |   N/A | 100.0 |   8.0
       Dungeon | 100.0 | 100.0 |   N/A |   N/A | 100.0 |   8.0
               +-------+-------+-------+-------+-------+----------------------
